 Dungeon Crawl Stone Soup version 0.23.1 (webtiles) character file.

Game seed: 18027147879160743692

1125546 Train the Sniper (level 27, -2/209 HPs)
             Began as a Barachi Arcane Marksman on Feb 20, 2019.
             Was the Champion of the Shining One.
             Slain by a golden dragon (12 damage)
             ... summoned by a torturous corrupter
             ... in Pandemonium on Mar 2, 2019.
             The game lasted 20:01:35 (125913 turns).

Train the Sniper (Barachi Arcane Marksman)        Turns: 125913, Time: 20:01:35

Health: -2/209     AC: 38    Str: 15    XL:     27
Magic:  52/65      EV: 21    Int: 22    God:    the Shining One [******]
Gold:   8799       SH:  0    Dex: 14    Spells: 1/67 levels left

rFire    + + +     SeeInvis .   B - +9 triple crossbow (holy)
rCold    . . .     Gourm    .   (shield currently unavailable)
rNeg     + + +     Faith    .   U - +8 fire dragon scales
rPois    +         Spirit   .   A - +2 hat
rElec    +         Reflect  .   m - +2 cloak {MR+}
rCorr    .         Harm     .   p - +2 pair of gloves
MR       ++++.     Clarity  +   b - +2 pair of boots {Stlth+}
Stlth    +.........             P - amulet of regeneration
HPRegen  0.84/turn              l - ring "Zaunuywk" {rElec MR+ MP+9 Str+2}
MPRegen  0.39/turn              t - ring "Ygiaret" {rPois rC+ MP+9}

@: sap magic, portal projectile, glowing, slow
A: +LOS, swims, horns 1, clarity, clumsy 1, fire resistance 1, frail 1, sense
surroundings 1, slowness 1, strong legs 2
}: 11/15 runes: decaying, serpentine, slimy, silver, iron, obsidian, bone,
abyssal, magical, fiery, dark
a: Hop, Divine Shield, Cleansing Flame, Summon Divine Warrior, Renounce
Religion, Cancel Portal Projectile


You were in Pandemonium.
You worshipped the Shining One.
The Shining One was exalted by your worship.
You were not hungry.

You visited 16 branches of the dungeon, and saw 80 of its levels.
You visited Pandemonium 1 time, and saw 8 of its levels.
You visited the Abyss 3 times.
You visited 1 bazaar.
You also visited: Trove and Gauntlet.

You collected 15728 gold pieces.
You spent 6929 gold pieces at shops.

Inventory:

Hand Weapons
 e - the +10 great sword of Gravity {elec, -Tele rF++}
   (You found it in a Gauntlet)

   Occasionally, upon striking a foe, it will discharge some electrical energy
   and cause terrible harm.
   It greatly protects you from fire.
   It prevents most forms of teleportation.
 i - the +6 triple crossbow "Jellybane" {elec, rElec}
   (You acquired it on level 2 of the Depths)

   It charges the ammunition it shoots with electricity; occasionally upon a
   hit, such missiles may discharge and cause terrible harm.
   It insulates you from electricity.
 B - a +9 triple crossbow of holy wrath (weapon)
Missiles
 d - 1365 bolts (quivered)
Armour
 b - a +2 pair of boots of stealth (worn)
 m - a +2 cloak of magic resistance (worn)
 p - a +2 pair of gloves (worn)
 A - a +2 hat (worn)
 U - +8 fire dragon scales (worn)
Magical Staves
 E - an uncursed staff of energy
Jewellery
 l - the ring "Zaunuywk" (left hand) {rElec MR+ MP+9 Str+2}
   (You found it in a treasure trove)

   [ring of strength]

   It affects your strength (+2).
   It insulates you from electricity.
   It affects your resistance to hostile enchantments.
   It affects your magic capacity (+9).
 r - the ring of the Final Decision {+Fly rC+ Int+6}
   (You took it off a deep elf demonologist on level 3 of the Elven Halls)

   [ring of flight]

   It affects your intelligence (+6).
   It protects you from cold.
   It lets you fly.
 t - the ring "Ygiaret" (right hand) {rPois rC+ MP+9}
   (You found it on level 3 of the Lair of Beasts)

   [ring of magical power]

   It protects you from cold.
   It protects you from poison.
   It affects your magic capacity (+9).
 u - the amulet "Usaptonn" {RegenMP MR+ Stlth+}
   (You found it on level 3 of the Abyss)

   [amulet of magic regeneration]

   It increases your magic regeneration.
   It affects your resistance to hostile enchantments.
   It makes you more stealthy.
 x - the ring of the Failed Coup {rCorr MR+ Str+2}
   (You found it on level 7 of Tartarus)

   [ring of resist corrosion]

   It affects your strength (+2).
   It affects your resistance to hostile enchantments.
 P - an amulet of regeneration (around neck)
 R - the ring "Omusemeg" {rCorr Str+2 Slay+3}
   (You found it on level 5 of the Vaults)

   [ring of resist corrosion]

   It affects your strength (+2).
   It affects your accuracy and damage with ranged weapons and melee attacks
   (+3).
 V - the ring of the Yeti {+Blink rF+ Int+3 Stlth+}
   (You found it on level 15 of the Dungeon)

   [ring of protection from fire]

   It affects your intelligence (+3).
   It protects you from fire.
   It lets you blink.
   It makes you more stealthy.
Wands
 a - a wand of disintegration (13)
 g - a wand of acid (25)
 w - a wand of iceblast (26)
 D - a wand of digging (14)
 J - a wand of paralysis (62)
 O - a wand of scattershot (5)
Scrolls
 c - 4 scrolls of identify
 h - 4 scrolls of blinking
 k - 4 scrolls of holy word
 o - 3 scrolls of magic mapping
 q - 15 scrolls of teleportation
 s - 14 scrolls of fog
 C - 3 scrolls of fear
 F - 24 scrolls of remove curse
 N - 4 scrolls of silence
Potions
 j - a potion of brilliance
 v - 2 potions of heal wounds
 G - 4 potions of flight
 H - 13 potions of curing
 I - 8 potions of resistance
 L - a potion of haste
 M - a potion of cancellation
 Q - 4 potions of agility
 T - 5 potions of magic
 W - 3 potions of might
 Z - 4 potions of mutation
Miscellaneous
 n - a lamp of fire
 z - a lightning rod (4/4)
 K - a sack of spiders
 S - 2 boxes of beasts
 X - a phial of floods
 Y - a fan of gales
Comestibles
 f - 28 rations


   Skills:
 - Level 22.9 Fighting
 - Level 20.0 Long Blades
 - Level 26.0 Crossbows
 - Level 23.5 Armour
 - Level 21.0 Dodging
 - Level 7.0 Stealth
 - Level 20.5 Spellcasting
 - Level 18.0 Hexes
 - Level 8.0 Charms
 - Level 14.6 Summonings
   Level 4.0 Necromancy
 + Level 20.1 Translocations
 - Level 4.0 Ice Magic
 - Level 4.0 Air Magic
 - Level 6.0 Earth Magic
 - Level 15.2 Invocations
 - Level 15.0 Evocations


You had one spell level left.
You knew the following spells:

 Your Spells              Type           Power        Failure   Level  Hunger
a - Corona                Hex            #######      0%          1    None
b - Slow                  Hex            #######.     0%          2    None
c - Portal Projectile     Hex/Tloc       ######       0%          3    None
d - Cause Fear            Hex            #######...   1%          4    None
e - Leda's Liquefaction   Hex/Erth       ######....   1%          4    None
f - Shroud of Golubria    Chrm/Tloc      ######....   1%          2    None
g - Swiftness             Chrm/Air       #####...     1%          2    None
h - Apportation           Tloc           ######       0%          1    None
i - Summon Butterflies    Summ           ######..     0%          1    None
j - Darkness              Hex            #######...   1%          6    ###....
k - Tukima's Dance        Hex            #######.     0%          3    None
l - Summon Mana Viper     Hex/Summ       #######.     1%          5    None
m - Aura of Abjuration    Summ           ######....   1%          5    None
n - Blink                 Tloc           N/A          0%          2    None
o - Passage of Golubria   Tloc           N/A          0%          4    None
p - Summon Ice Beast      Ice/Summ       ######..     1%          4    None
q - Confusing Touch       Hex            ######       0%          1    None
r - Shadow Creatures      Summ           N/A          1%          6    ###....
s - Passwall              Tmut/Erth      #####...     1%          2    None
t - Controlled Blink      Tloc           N/A          8%          8    ######.

Your spell library contained the following spells:

 Spells                   Type           Power        Failure   Level  Hunger
 Summon Small Mammal      Summ           ####         0%          1    None
 Animate Skeleton         Necr           N/A          1%          1    None
 Freeze                   Ice            ####         1%          1    None
 Infusion                 Chrm           ####         1%          1    None
 Pain                     Necr           ####         1%          1    None
 Sandblast                Erth           #####.       1%          1    None
 Shock                    Conj/Air       ####         1%          1    None
 Flame Tongue             Conj/Fire      ###..        4%          1    None
 Magic Dart               Conj           ###.         4%          1    None
 Sting                    Conj/Pois      ###.         4%          1    None
 Confuse                  Hex            #######.     0%          3    None
 Gell's Gravitas          Tloc           #######...   0%          3    None
 Lesser Beckoning         Tloc           #######...   0%          3    None
 Recall                   Summ/Tloc      N/A          0%          3    None
 Teleport Other           Tloc           #######.     0%          3    None
 Call Imp                 Summ           ######..     1%          2    None
 Ensorcelled Hibernation  Hex/Ice        ######       1%          2    None
 Song of Slaying          Chrm           ######..     1%          2    None
 Sublimation of Blood     Necr           #####.....   1%          2    None
 Call Canine Familiar     Summ           ######..     1%          3    None
 Dazzling Spray           Conj/Hex       ######       1%          3    None
 Inner Flame              Hex/Fire       ######..     1%          3    None
 Ozocubu's Armour         Chrm/Ice       #####...     1%          3    None
 Regeneration             Chrm/Necr      #####.....   1%          3    None
 Spectral Weapon          Hex/Chrm       ######..     1%          3    None
 Summon Guardian Golem    Hex/Summ       #######.     1%          3    None
 Force Lance              Conj/Tloc      ######..     1%          4    None
 Fulminant Prism          Conj/Hex       ######....   1%          4    None
 Summon Lightning Spire   Summ/Air       ######..     1%          4    None
 Metabolic Englaciation   Hex/Ice        ######....   1%          5    None
 Silence                  Hex/Air        ######....   1%          5    None
 Summon Demon             Summ           ######....   1%          5    None
 Summon Forest            Summ/Tloc      #######...   1%          5    None
 Invisibility             Hex            #######.     1%          6    ###....
 Poisonous Vapours        Pois/Air       ####..       3%          2    None
 Throw Frost              Conj/Ice       ####..       3%          2    None
 Yara's Violent Unravell  Hex/Tmut       ######....   3%          5    None
 Malign Gateway           Summ/Tloc      #######...   3%          7    #####..
 Stone Arrow              Conj/Erth      #####.       4%          3    None
 Static Discharge         Conj/Air       ####....     6%          3    None
 Searing Ray              Conj           ###...       7%          2    None
 Sticks to Snakes         Tmut           ###.....     7%          2    None
 Mephitic Cloud           Conj/Pois/Air  ####....     8%          3    None
 Airstrike                Air            #####.....   9%          4    None
 Animate Dead             Necr           N/A          9%          4    None
 Monstrous Menagerie      Summ           ######....   10%         7    #####..
 Summon Greater Demon     Summ           ######....   10%         7    #####..
 Summon Hydra             Summ           ######....   10%         7    #####..
 Excruciating Wounds      Chrm/Necr      #####.....   11%         5    None
 Lee's Rapid Deconstruct  Erth           #####.....   11%         5    None
 Petrify                  Tmut/Erth      #####...     13%         4    None
 Conjure Flame            Conj/Fire      ###.....     14%         3    None
 Ignite Poison            Fire/Tmut/Pois ###.....     14%         3    None
 Borgnjor's Vile Clutch   Necr/Erth      #####.....   16%         5    None
 Ice Form                 Ice/Tmut       ####....     21%         4    None
 Throw Icicle             Conj/Ice       ####....     21%         4    None
 Iskenderun's Battlesphe  Conj/Chrm      #####...     24%         5    None
 Agony                    Necr           #####...     26%         5    None
 Iskenderun's Mystic Bla  Conj           ###.....     43%         4    None
 Olgreb's Toxic Radiance  Pois           ###.....     43%         4    None
 Sticky Flame             Conj/Fire      ###.....     43%         4    None
 Bolt of Draining         Conj/Necr      ####......   50%         5    None
 Bolt of Magma            Conj/Fire/Erth ####......   50%         5    None
 Lightning Bolt           Conj/Air       ####......   50%         5    None
 Deflect Missiles         Chrm/Air       #####.....   52%         6    ###....
 Summon Horrible Things   Summ           ######....   58%         8    ######.
 Haunt                    Necr/Summ      ######....   65%         7    #####..
 Alistair's Intoxication  Tmut/Pois      ###.....     78%         5    None
 Blade Hands              Tmut           ###.......   78%         5    None
 Fireball                 Conj/Fire      ###.......   78%         5    None
 Irradiate                Conj/Tmut      ###.......   78%         5    None
 Venom Bolt               Conj/Pois      ###.......   78%         5    None
 Death Channel            Necr           #####.....   80%         6    ###....
 Ozocubu's Refrigeration  Ice            #####.....   80%         6    ###....
 Simulacrum               Ice/Necr       #####.....   80%         6    ###....
 Spellforged Servitor     Conj/Summ      ######....   89%         7    #####..
 Iron Shot                Conj/Erth      #####.....   90%         6    ###....
 Statue Form              Tmut/Erth      #####....    90%         6    ###....
 Freezing Cloud           Conj/Ice/Air   ####......   93%         6    ###....
 Bolt of Cold             Conj/Ice       ####......   97%         6    ###....
 Conjure Ball Lightning   Conj/Air       ####......   97%         6    ###....
 Bolt of Fire             Conj/Fire      ###.......   100%        6    ###....
 Hydra Form               Tmut           ###.......   100%        6    ###....
 Dragon Form              Tmut           ###.......   100%        7    #####..
 Orb of Destruction       Conj           ###.......   100%        7    #####..
 Ring of Flames           Chrm/Fire      #####.....   100%        7    #####..
 Borgnjor's Revivificati  Necr           #####.....   100%        8    ######.
 Death's Door             Chrm/Necr      #####.....   100%        8    ######.
 Infestation              Necr           #####.....   100%        8    ######.
 Necromutation            Tmut/Necr      ####......   100%        8    ######.
 Dragon's Call            Summ           ######....   100%        9    #######
 Tornado                  Air            #####.....   100%        9    #######


Dungeon Overview and Level Annotations

Branches:
Dungeon (15/15)            Temple (1/1) D:6            Lair (6/6) D:10
  Swamp (4/4) Lair:2        Snake (4/4) Lair:2        Slime (5/5) Lair:5
    Orc (2/2) D:9             Elf (3/3) Orc:2        Vaults (5/5) D:14
  Crypt (3/3) Vaults:3       Tomb (0/3) Crypt:3      Depths (5/5) D:15
   Hell (1/1)                 Dis (7/7) Hell            Geh (7/7) Hell
    Coc (0/7) Hell            Tar (7/7) Hell            Zot (5/5) Depths:5

Altars:
Ashenzari
Cheibriados
Dithmenos
Elyvilon
Fedhas
Gozag
Hepliaklqana
Kikubaaqudgha
Makhleb
Nemelex Xobeh
Okawaru
Qazlal
Ru
Sif Muna
Trog
Vehumet
Wu Jian
Xom
Yredelemnul
Zin
The Shining One
Beogh
Jiyva

Shops:
D:12 :   D:15 [   Orc:2 ![=?   Vaults:4 [   Vaults:5 %   Depths:2 (=}}

Portals:
Hell: Depths:1 Depths:2 Depths:3 Depths:4 Depths:5
Abyss: Depths:3 Depths:4
Pandemonium: Depths:1 Depths:3 Depths:5
Ziggurat: Depths:4

Annotations:
D:15 exclusion: Roxanne, Roxanne
Vaults:4 3 runed translucent doors, exclusion: orange crystal statue, Anosyof's ghost, adept CeHu
Depths:2 2 exclusions


Innate Abilities, Weirdness & Mutations

Shadows flee at your approach. (+LOS)
You can swim through water.
You cover ground slowly.
You can hop long distances.
You have a pair of small horns on your head.
You possess an exceptional clarity of mind.
You are clumsy. (Dex -2)
Your flesh is heat resistant. (rF+)
You are frail. (-10% HP)
You passively map a small area around you.


Message History

Confirm with . or Enter, or press ? or * to list all spells.
Okay, then.
Casting: Portal Projectile (safe; 0% risk of failure)
Confirm with . or Enter, or press ? or * to list all spells.
Wisps of shadow whirl around you... The guardian serpent barely misses you.
The torturous corrupter hits you but does no damage.
The monstrous warmonger closely misses you.
The monstrous warmonger claws you!
* * * LOW HITPOINT WARNING * * *
The monstrous warmonger misses you.
The green draconian stormcaller hits you but does no damage.
The green draconian stormcaller tail-slaps you.
* * * LOW HITPOINT WARNING * * *
The golden dragon bites you!
* * * LOW HITPOINT WARNING * * *
The golden dragon claws you but does no damage.
The golden dragon tramples you but does no damage.
The golden dragon completely misses you.
The golden dragon claws you!
You die...

* #..........# ..#
* #...####.####..#
, #........# ....#
, ..........##...#
...............# *
.....####......# ,
##.. #.###..# *
#...####D###,.# *
#.?.....D@S8# # *
*,
#.......q66.6..§..
.......$(.§.§....
,
........(........
........(..#...##
, * ,
*...(.(.(........#
*
..(....(........§
, ,
.................
, ..............
.#


You could see 2 golden dragons, a monstrous demonspawn, a monstrous warmonger, a
green draconian stormcaller, a torturous corrupter, a guardian serpent and a
friendly toenail golem.

Vanquished Creatures
  Asmodeus (Geh:7)
  the Royal Jelly (Slime:5)
  Ereshkigal (Tar:7)
  Gloorx Vloq (Pan)
  Lom Lobon (Pan)
  Dispater (Dis:7)
  2 ancient liches
  A juggernaut (Depths:4)
  Margery (Vaults:2)
  A curse toe (Zot:3)
  Saint Roka (Snake:4)
  Vashnia (Snake:3)
  2 pandemonium lords (Pan)
  the Lernaean hydra (Swamp:4)
  4 caustic shrikes (Depths:3)
  Geryon (Hell)
  Nikola (Swamp:4)
  2 profane servitors
  11 golden dragons
  9 bone dragons
  6 iron giants (Dis:7)
  25 Tzitzimimeh
  7 doom hounds
  An electric golem (Zot:1)
  11 liches
  11 Brimstone Fiends
  4 Ice Fiends
  9 Hell Sentinels (Dis:7)
  14 tentacled monstrosities
  Asterion (Snake:4)
  7 titans
  4 quicksilver dragons
  2 deep elf master archers (Elf:3)
  77 large abominations
  2 deep elf blademasters (Elf:3)
  An eldritch tentacle (Abyss:3)
  11 sphinxes
  5 death cobs
  26 Executioners
  27 acid blobs
  Agnes (Elf:1)
  5 ancient champions (Dis:7)
  Frances (Snake:1)
  A thorn hunter (Swamp:2)
  14 shadow dragons
  17 tentacled starspawn
  8 nagarajas (Snake:4)
  A revenant (Crypt:2)
  17 storm dragons
  9 tengu reavers
  12 azure jellies
  A daeva (Abyss:1)
  A ghost moth (shapeshifter) (Vaults:3)
  A draconian monk (Zot:3)
  7 iron dragons
  8 fire giants
  An orc warlord (Orc:1)
  2 curse skulls (Pan)
  2 draconian scorchers
  5 frost giants
  Aizul (Elf:3)
  5 deep elf elementalists
  A draconian knight (Zot:2)
  6 deep elf sorcerers
  2 warmongers (Pan)
  8 vault wardens
  A caustic shrike zombie (Hell)
  3 draconian annihilators
  2 draconian shifters
  A juggernaut zombie (Hell)
  A draconian stormcaller (Zot:1)
  12 cacodemons
  35 balrugs
  3 black suns (Pan)
  3 ghost moths
  12 ironheart preservers
  2 ghouls
  An elemental wellspring (Dis:5)
  19 war gargoyles
  48 reapers
  4 spriggan defenders (Depths:4)
  26 stone giants
  2 entropy weavers
  2 blood saints (Pan)
  31 very ugly things
  8 vampire knights
  2 green draconians
  2 black draconians
  15 deep elf annihilators
  10 deep elf demonologists
  A yellow draconian (Zot:4)
  A minotaur (Gauntlet)
  6 lorocyprocas
  Azrael (Snake:3)
  4 white draconians
  A red draconian (Zot:1)
  3 purple draconians
  11 ettins
  Snorg (D:10)
  2 eidola (Tar:7)
  A merfolk javelineer (Depths:3)
  9 deep elf death magi
  5 spark wasps
  2 jiangshi
  6 quicksilver dragon zombies
  16 death oozes
  Josephine (Lair:6)
  24 blizzard demons
  4 deep elf high priests
  3 crystal guardians (Crypt:3)
  15 green deaths
  15 yaktaur captains
  17 great orbs of eyes
  A kraken zombie (Hell)
  13 fire dragons
  3 quicksilver dragon skeletons
  24 hydras
  15 rakshasas
  A monstrous demonspawn (Pan)
  31 vault guards
  9 ghost crabs
  11 centaur warriors
  11 ice dragons
  15 naga warriors
  A merfolk avatar (Abyss:3)
  An ice dragon (shapeshifter) (Vaults:5)
  5 anacondas
  3 shambling mangroves
  3 spriggan air magi
  5 death yaks (D:13)
  A two-headed ogre (shapeshifter) (Vaults:5)
  A death knight (D:15)
  2 catoblepae (Lair:6)
  26 dancing weapons
  60 two-headed ogres
  18 ogre magi
  39 hell hogs
  10 deep troll shamans
  6 titan zombies
  12 deep troll earth magi
  4 tengu warriors
  12 alligators
  3 orc high priests
  9 vampire magi
  15 naga sharpshooters
  4 spriggan berserkers
  13 wretched stars
  5 shock serpents
  19 deep elf knights
  60 hell knights
  Sonja (Lair:3)
  42 sun demons
  6 iron golems
  24 thrashing horrors
  49 soul eaters
  3 storm dragon zombies
  2 spatial maelstroms (Abyss:1)
  2 titan skeletons (Geh:7)
  2 death drakes (shapeshifter)
  3 salamander mystics
  23 shadow wraiths
  2 ghost moth zombies
  5 golden dragon zombies
  69 skeletal warriors
  4 storm dragon skeletons
  A death drake (Abyss:1)
  18 sixfirhies
  A swamp dragon (shapeshifter) (Vaults:5)
  14 iron trolls
  12 swamp dragons
  8 unseen horrors
  19 shadow demons
  7 wizards
  3 spriggan druids (Swamp:3)
  7 anaconda zombies
  28 deep trolls
  A gelid demonspawn (Pan)
  8 glowing orange brains
  An infernal demonspawn (Pan)
  16 flayed ghosts
  77 starcursed masses
  3 torturous demonspawn (Pan)
  4 naga ritualists
  20 deep elf archers
  An anaconda skeleton (Pan)
  18 phantasmal warriors
  21 necromancers
  47 deep elf magi
  2 lindwurms (Lair:6)
  2 harpies (Vaults:3)
  2 golden dragon skeletons
  14 ironbrand convokers
  7 mana vipers
  3 iron dragon zombies
  12 orc knights
  A tengu skeleton (Vaults:4)
  3 wolf spider zombies
  A shadow dragon skeleton (Geh:5)
  An oklob plant (Lair:6)
  The ghost of asterix666 the Genius of the Arcane, a novice DsFE of Sif Muna (D:7)
  7 wolf spiders
  43 ugly things
  7 stone giant zombies
  A manticore (D:14)
  5 shining eyes
  5 fire giant zombies
  4 worldbinders
  2 shock serpent zombies
  7 cyclopes
  4 iron dragon skeletons
  3 orc sorcerers
  11 frost giant zombies
  3 stone giant skeletons
  9 vault sentinels
  4 centaur zombies
  32 rust devils
  15 moths of wrath
  A titan simulacrum (Abyss:3)
  A fire giant skeleton (Geh:5)
  9 salamanders
  10 frost giant skeletons
  The ghost of wont the Cleaver, a novice HOMo of Cheibriados (D:5)
  8 dire elephant zombies
  8 apocalypse crabs
  2 guardian serpents
  51 smoke demons
  23 spiny frogs
  40 black mambas
  8 eyes of devastation
  2 ice statues (Hell)
  20 naga magi
  7 molten gargoyles (Geh:7)
  2 water nymphs (shapeshifter)
  4 dire elephant skeletons
  21 orange demons
  A centaur skeleton (D:13)
  4 emperor scorpion zombies
  3 kobold demonologists
  5 torpor snails (Lair:6)
  A shock serpent skeleton (Geh:5)
  A yaktaur (shapeshifter) (Depths:4)
  2 demonic crawlers
  23 hellions
  7 rime drakes
  8 komodo dragons
  34 tormentors
  18 efreet
  16 freezing wraiths
  79 yaktaurs
  2 catoblepas skeletons
  14 ice devils
  32 hellwings
  2 queen bees (shapeshifter)
  16 ancient zymes
  A harpy zombie (Crypt:2)
  3 silent spectres
  23 hornets
  A jumping spider (Vaults:3)
  A merfolk (D:10)
  17 trolls
  A merfolk (shapeshifter) (Elf:3)
  46 red devils
  2 tengu conjurers
  A troll (shapeshifter) (Elf:1)
  7 tyrant leeches
  5 hydra zombies
  A jumping spider (shapeshifter) (Gauntlet)
  4 polar bears
  2 polar bears (shapeshifter)
  A deep troll zombie (Depths:1)
  A snapping turtle (shapeshifter) (Vaults:3)
  2 tengu simulacra
  20 hippogriffs
  A wolf spider simulacrum (D:15)
  A hippogriff (shapeshifter) (D:14)
  134 slime creatures
  6 blink frogs
  6 hydra skeletons
  2 ice dragon zombies
  A blink frog (shapeshifter) (Vaults:3)
  A harpy skeleton (Geh:3)
  23 raiju
  9 ettin zombies
  6 bog bodies
  3 black mamba zombies
  A sphinx simulacrum (Vaults:3)
  4 fire dragon zombies
  4 alligator zombies
  2 fire dragon skeletons
  An alligator skeleton (Geh:5)
  5 ettin skeletons
  98 flying skulls
  4 redbacks
  13 water elementals
  6 spriggans
  3 air elementals
  5 ice dragon skeletons
  22 shadows
  26 wraiths
  27 ynoxinuls
  A hog (shapeshifter) (Vaults:3)
  A yak (shapeshifter) (Gauntlet)
  A fire bat (shapeshifter) (Vaults:5)
  A dire elephant simulacrum (Crypt:3)
  A human (D:11)
  A guardian serpent skeleton (Crypt:1)
  17 wyverns
  26 fire elementals
  40 yaks
  4 fire bats
  A basilisk (shapeshifter) (Vaults:3)
  5 golden eyes
  2 humans (shapeshifter)
  6 hungry ghosts
  11 vampire mosquitoes
  A yaktaur simulacrum (Vaults:2)
  13 basilisks
  17 chaos spawn
  A gelid demonspawn zombie (Crypt:1)
  4 spatial vortices
  21 neqoxecs
  A warg (Orc:1)
  2 monstrous demonspawn zombies
  18 swamp worms
  32 insubstantial wisps
  An acid dragon (D:14)
  60 nagas
  5 spiny frog zombies
  17 water moccasins
  2 merfolk zombies
  Duvessa (D:7)
  7 porcupines
  76 hell hounds
  3 human zombies
  An infernal demonspawn skeleton (Crypt:1)
  A floating eye (Depths:4)
  2 floating eyes (shapeshifter)
  7 ice beasts
  7 black bears (D:10)
  4 manticore zombies
  12 swamp drakes
  42 orc warriors
  5 sky beasts
  26 necrophages
  10 eyes of draining
  2 eyes of draining (shapeshifter)
  8 snapping turtle zombies
  2 spiny frog skeletons
  A torturous demonspawn skeleton (Abyss:3)
  2 swamp dragon zombies
  6 phantoms
  A blink frog zombie (Crypt:2)
  55 ogres
  10 boggarts
  4 wolves (Lair:5)
  22 centaurs
  44 small abominations
  A blink frog skeleton (Crypt:2)
  9 crocodiles
  A big kobold (shapeshifter) (Vaults:5)
  7 big kobolds
  Blork the orc (D:6)
  A hog skeleton (Crypt:2)
  An elf zombie (Crypt:2)
  8 earth elementals
  24 bullfrogs
  2 gnoll sergeants
  An elf skeleton (Crypt:2)
  A spiny frog simulacrum (Abyss:2)
  5 scorpions
  Dowan (D:7)
  A swamp dragon simulacrum (Abyss:1)
  68 wights
  A spriggan skeleton (Tar:7)
  6 killer bees
  A howler monkey (D:14)
  10 electric eels
  2 troll skeletons (Pan)
  2 bullfrog zombies
  20 crimson imps
  A human simulacrum (Vaults:2)
  6 quasits
  6 jellies
  13 hounds
  43 orc wizards
  28 orc priests
  2 gnoll shamans (D:10)
  2 iguanas
  34 iron imps
  A basilisk skeleton (Crypt:2)
  15 worker ants
  8 hell rats
  An ogre zombie (Dis:2)
  A centaur simulacrum (D:7)
  An ogre skeleton (Pan)
  3 hound zombies (D:5)
  2 hound skeletons
  3 mummies
  A howler monkey zombie (Crypt:2)
  12 gnolls
  19 adders
  9 river rats (Lair:4)
  24 shadow imps
  4 white imps
  A worker ant simulacrum (D:7)
  4 ufetubi
  10 oozes
  2 adder zombies (D:5)
  An adder skeleton (D:4)
  4 worms
  An adder simulacrum (D:7)
  5 dart slugs
  6 leopard geckos
  127 orcs
  A ball python (D:3)
  A bat zombie (Crypt:2)
  7 giant cockroaches
  11 goblins
  15 hobgoblins
  3 jackals
  43 kobolds
  A quokka (D:11)
  9 bats
  4 frilled lizards
  A kobold skeleton (Tar:6)
  An orc zombie (Geh:7)
  A quokka simulacrum (D:7)
  11 rats
  3 crawling corpses (Elf:3)
  A fire vortex (Geh:7)
  A fungus (Lair:5)
  4 plants (D:10)
  20 starspawn tentacles
4505 creatures vanquished.

Vanquished Creatures (collateral kills)
  Cerebov (Pan)
  A pandemonium lord (Pan)
  Frederick (Depths:4)
  A golden dragon (Vaults:5)
  A bone dragon (Tar:7)
  6 Tzitzimimeh (Tar:7)
  3 iron giants (Dis:7)
  3 Brimstone Fiends (Geh:7)
  4 liches
  2 Hell Sentinels (Dis:7)
  A death cob (Zot:1)
  2 Executioners (Pan)
  An acid blob (Slime:1)
  An ancient champion (Dis:7)
  A storm dragon (Zot:1)
  A thorn hunter (Swamp:4)
  2 shadow dragons
  A tengu reaver (Vaults:5)
  A fire giant (Geh:7)
  4 iron dragons
  2 frost giants
  2 draconian scorchers
  2 vault wardens
  6 balrugs
  A draconian knight (Zot:2)
  A curse skull (Crypt:1)
  A draconian shifter (Zot:1)
  2 ghouls (Crypt:1)
  A spriggan defender (Depths:4)
  A cacodemon (Abyss:3)
  A war gargoyle (Dis:7)
  A very ugly thing (Abyss:1)
  2 ironheart preservers (Vaults:3)
  A vampire knight (Crypt:1)
  7 reapers
  A blood saint (Pan)
  A black draconian (Zot:1)
  A juggernaut skeleton (Crypt:1)
  3 yellow draconians
  A green draconian (Depths:5)
  Nessos (Lair:4)
  2 deep elf death magi
  A white draconian (Zot:1)
  A red draconian (Zot:2)
  2 ettins
  A blizzard demon (Hell)
  A fire dragon (Depths:3)
  2 quicksilver dragon zombies
  A yaktaur captain (Vaults:5)
  A quicksilver dragon skeleton (Geh:7)
  Erolcha (D:10)
  4 vault guards (Vaults:5)
  A hydra (Lair:6)
  A monstrous demonspawn (Depths:1)
  A naga warrior (Snake:3)
  3 spriggan air magi (Pan)
  2 rakshasas (Pan)
  An ogre mage (Orc:2)
  2 two-headed ogres
  A vampire mage (Tar:7)
  7 hell hogs
  An orc high priest (Orc:2)
  A deep troll earth mage (Depths:4)
  A spriggan berserker (Depths:4)
  A deep elf knight (Vaults:2)
  7 sun demons
  7 hell knights
  6 soul eaters
  2 iron golems (Dis:7)
  An iron troll (Dis:7)
  3 sixfirhies (Pan)
  8 shadow wraiths (Tar:7)
  A golden dragon zombie (Geh:7)
  A titan skeleton (Geh:2)
  3 skeletal warriors
  A ghost moth zombie (Dis:7)
  2 shadow demons (Tar:7)
  A swamp dragon (Swamp:3)
  2 wizards (Pan)
  3 deep trolls (Depths:4)
  A storm dragon skeleton (Crypt:1)
  A harpy (Vaults:3)
  A phantasmal warrior (Tar:7)
  2 deep elf archers
  An anaconda skeleton (Geh:7)
  A necromancer (Crypt:2)
  3 stone giant zombies
  A wolf spider zombie (Dis:5)
  A frost giant zombie (Dis:7)
  An ugly thing (Vaults:2)
  A fire giant zombie (Geh:7)
  An orb spider (shapeshifter) (Gauntlet)
  6 deep elf magi
  A shadow dragon skeleton (Geh:5)
  4 rust devils
  A stone giant skeleton (Tar:7)
  A fire giant skeleton (Geh:7)
  An iron dragon skeleton (Tar:7)
  A black mamba (Lair:5)
  A guardian serpent (Lair:6)
  A molten gargoyle (Geh:7)
  3 smoke demons
  3 spiny frogs
  A yaktaur zombie (Hell)
  6 hellions
  A redback zombie (D:14)
  A tormentor (Geh:7)
  A komodo dragon (D:14)
  5 ice devils
  5 red devils
  A minotaur skeleton (Crypt:1)
  2 hydra zombies
  3 tyrant leeches
  A hydra skeleton (Tar:7)
  3 hornets
  A polar bear (Lair:6)
  2 blink frogs (Abyss:3)
  A hippogriff (D:14)
  A fire dragon zombie (Dis:5)
  An ice dragon zombie (Dis:7)
  4 slime creatures
  An alligator zombie (Dis:5)
  A raiju (Abyss:1)
  2 large abominations (Pan)
  A deep troll zombie (Hell)
  2 fire dragon skeletons
  A shadow (Crypt:1)
  An ice dragon skeleton (Depths:1)
  2 spriggans
  2 wraiths
  3 flying skulls (Geh:4)
  2 fire elementals
  2 chaos spawn (Pan)
  3 yaks (D:10)
  2 golden eyes (Slime:1)
  3 fire bats (Geh:2)
  An insubstantial wisp (Swamp:2)
  2 wargs
  A water moccasin (D:10)
  12 hell hounds
  A tengu skeleton (Depths:1)
  3 orc warriors
  A black bear (D:10)
  2 swamp drakes
  2 manticore zombies
  A spiny frog skeleton (Dis:6)
  A necrophage (Tar:7)
  4 ogres
  A snapping turtle skeleton (Geh:7)
  A boggart (Abyss:3)
  A centaur (Vaults:3)
  A manticore skeleton (Crypt:2)
  A small abomination (Abyss:3)
  A bullfrog (D:10)
  An earth elemental (Elf:1)
  2 spriggan zombies (Dis:7)
  2 wights
  A crimson imp (Geh:7)
  A starcursed mass (Abyss:3)
  A gnoll shaman (D:10)
  4 iron imps (Dis:7)
  A hell rat (Lair:4)
  A river rat (Lair:4)
  A shadow imp (Tar:7)
  10 orcs
  An orc zombie (Tar:7)
  3 fire vortices (Pan)
337 creatures vanquished.

Vanquished Creatures (others)
  7 eldritch tentacles
  A frost giant (Vaults:3)
  A fire giant (Depths:4)
  A vampire knight (Tar:2)
  A blizzard demon (Pan)
  A green death (Pan)
  A jiangshi (Depths:1)
  A deep elf knight (Vaults:4)
  A wizard (Pan)
  An unseen horror (Pan)
  A spriggan druid (Swamp:3)
  A tengu zombie (Hell)
  A smoke demon (Pan)
  A freezing wraith (Hell)
  An ancient zyme (Abyss:3)
  5 dancing weapons
  2 flying skulls (Geh:2)
  3 small abominations
  A wight (Geh:2)
  A white imp (Abyss:1)
  An ufetubus (Abyss:3)
  2 ball lightnings (Pan)
  2 blocks of ice (Pan)
  2 bushes (D:12)
  28 fungi
  113 plants
  41 starspawn tentacles
  4 tentacles (Hell)
  7 toadstools (D:3)
233 creatures vanquished.

Grand Total: 5075 creatures vanquished

Notes
Turn   | Place    | Note
-------+----------+-------------------------------------------
     0 | D:1      | Train the Barachi Arcane Marksman began the quest for the
                  | Orb.
     0 | D:1      | Reached XP level 1. HP: 15/15 MP: 2/2
    94 | D:1      | Reached XP level 2. HP: 21/21 MP: 1/3
   120 | D:1      | Learned a level 2 spell: Slow
   513 | D:1      | Reached skill level 3 in Crossbows
   631 | D:1      | Reached XP level 3. HP: 21/26 MP: 2/4
  1443 | D:2      | Reached XP level 4. HP: 32/32 MP: 3/5
  1597 | D:2      | Found a shimmering altar of Xom.
  1693 | D:2      | Reached skill level 4 in Crossbows
  2160 | D:2      | Reached XP level 5. HP: 37/37 MP: 4/6
  2358 | D:2      | Found a radiant altar of Vehumet.
  3519 | D:3      | Reached skill level 5 in Crossbows
  3621 | D:3      | Reached XP level 6. HP: 43/43 MP: 7/7
  3623 | D:3      | Reached skill level 5 in Hexes
  3629 | D:3      | Learned a level 3 spell: Portal Projectile
  3785 | D:3      | Found a burning altar of Makhleb.
  3800 | D:3      | Became a worshipper of Makhleb the Destroyer
  4125 | D:3      | Found an iron altar of Okawaru.
  4427 | D:4      | Reached skill level 1 in Translocations
  4860 | D:4      | Noticed a phantom
  4878 | D:4      | Killed a phantom
  4878 | D:4      | Reached skill level 6 in Crossbows
  4878 | D:4      | Reached XP level 7. HP: 36/48 MP: 8/8
  5057 | D:4      | Reached * piety under Makhleb
  5337 | D:5      | Entered Level 5 of the Dungeon
  5373 | D:5      | Found a large runed translucent door.
  5398 | D:5      | Found a large runed translucent door.
  5481 | D:5      | Noticed wont's ghost (novice HOMo)
  6793 | D:6      | Noticed Blork the orc
  6918 | D:6      | Reached skill level 7 in Crossbows
  6918 | D:6      | Reached XP level 8. HP: 54/54 MP: 10/10
  7244 | D:6      | Reached ** piety under Makhleb
  7403 | D:6      | Reached skill level 8 in Crossbows
  7625 | D:6      | Found a staircase to the Ecumenical Temple.
  7632 | Temple   | Entered the Ecumenical Temple
  7795 | D:6      | Found a snail-covered altar of Cheibriados.
  7796 | D:6      | Found an ornate altar of the Wu Jian Council.
  7832 | D:6      | Killed Blork the orc
  8380 | D:6      | Learned a level 4 spell: Cause Fear
  8426 | D:7      | Reached skill level 9 in Crossbows
  8426 | D:7      | Reached XP level 9. HP: 43/59 MP: 12/12
  8583 | D:7      | Noticed Dowan
  8584 | D:7      | Noticed Duvessa
  8600 | D:7      | Killed Dowan
  8882 | D:7      | Killed Duvessa
  9128 | D:7      | Reached skill level 10 in Crossbows
  9573 | D:7      | Upgraded the game from 0.23.0-2-g0fe3ce5905 to
                  | 0.23.0-3-gf3c87f2df8
  9742 | D:7      | Found a runed translucent gate.
  9742 | D:7      | Found a runed translucent gate.
  9742 | D:7      | Found a runed translucent gate.
  9769 | D:7      | Noticed asterix666's ghost (novice DsFE)
 10150 | D:8      | Reached *** piety under Makhleb
 11053 | D:8      | Reached skill level 1 in Invocations
 11272 | D:8      | Reached skill level 5 in Fighting
 11354 | D:8      | Reached XP level 10. HP: 74/74 MP: 14/14
 12181 | D:9      | Reached skill level 1 in Long Blades
 12194 | D:9      | Reached **** piety under Makhleb
 12733 | D:9      | Found a sparkling altar of Nemelex Xobeh.
 12808 | D:9      | Noticed a two-headed ogre
 12814 | D:9      | Killed a two-headed ogre
 12927 | D:9      | Reached skill level 1 in Armour
 13062 | D:9      | Reached skill level 5 in Long Blades
 13219 | D:9      | Found a staircase to the Orcish Mines.
 13273 | D:10     | Entered Level 10 of the Dungeon
 13300 | D:9      | Noticed an unseen horror
 13311 | D:9      | Killed an unseen horror
 13478 | D:10     | Reached skill level 1 in Stealth
 13507 | D:10     | Reached XP level 11. HP: 81/81 MP: 10/15
 13857 | D:10     | Noticed Erolcha
 13864 | D:10     | Killed Erolcha
 14183 | D:10     | Reached ***** piety under Makhleb
 14503 | D:10     | Reached skill level 5 in Stealth
 14508 | D:10     | Reached skill level 5 in Dodging
 14540 | D:10     | Noticed Snorg
 14558 | D:10     | Killed Snorg
 14858 | D:10     | Reached skill level 5 in Spellcasting
 14894 | D:10     | Noticed a two-headed ogre
 14907 | D:10     | Killed a two-headed ogre
 14971 | D:10     | Found a radiant altar of Vehumet.
 15260 | D:10     | Learned a level 4 spell: Leda's Liquefaction
 15425 | D:10     | Found a staircase to the Lair.
 15892 | D:10     | Identified the +5 plate armour "Liagih" {MR++ Dex+2 Slay+2}
 16364 | D:10     | Reached XP level 12. HP: 88/88 MP: 20/20
 16432 | D:10     | Identified the +6 dire flail "Noiskowe" {freeze, rF+ MR+}
 17326 | D:11     | Found a frozen archway.
 17613 | Lair:1   | Entered Level 1 of the Lair of Beasts
 17688 | Lair:1   | Reached skill level 11 in Crossbows
 17691 | Lair:1   | Found a gate leading to a gauntlet.
 17870 | Gauntlet | Entered a Gauntlet
 17870 | Gauntlet | Found a transporter.
 17872 | Gauntlet | Found a transporter.
 17874 | Gauntlet | Found a transporter.
 17889 | Gauntlet | Found a transporter.
 18003 | Gauntlet | Found a transporter.
 18068 | Gauntlet | Found a transporter.
 18069 | Gauntlet | Found a transporter.
 18072 | Gauntlet | Found a runed translucent door.
 18073 | Gauntlet | Found a transporter.
 18074 | Gauntlet | Found a runed translucent door.
 18079 | Gauntlet | Found a runed translucent door.
 18105 | Gauntlet | Got a transparent great sword
 18110 | Gauntlet | Found a transporter.
 18125 | Gauntlet | Noticed a thrashing horror
 18151 | Gauntlet | Found a transporter.
 18162 | Gauntlet | Found a transporter.
 18177 | Gauntlet | Identified the +2 buckler "Yloosih" {rN+}
 18177 | Gauntlet | Noticed a minotaur
 18198 | Gauntlet | Killed a minotaur
 18384 | Gauntlet | Identified the Handbook of the Cankerous Blaze
 18391 | Gauntlet | Identified the Guide on Self-Knowledge
 18401 | Gauntlet | Learned a level 2 spell: Shroud of Golubria
 18404 | Gauntlet | Learned a level 2 spell: Swiftness
 18411 | Lair:1   | Identified the +10 great sword of Gravity {elec, -Tele
                  | rF++} (You found it in a Gauntlet)
 18466 | Lair:1   | You fall through a shaft!
 19684 | Lair:2   | Noticed a six-headed hydra
 19696 | Lair:2   | Killed a three-headed hydra
 19696 | Lair:2   | Reached skill level 10 in Long Blades
 19750 | Lair:2   | Reached skill level 12 in Crossbows
 20191 | Lair:2   | Found a staircase to the Snake Pit.
 20232 | Lair:2   | Found a staircase to the Swamp.
 20595 | Lair:2   | Gained mutation: You can hop long distances. [Barachi
                  | growth]
 20595 | Lair:2   | Reached XP level 13. HP: 94/99 MP: 21/21
 21411 | Lair:3   | Noticed Sonja
 21424 | Lair:3   | Killed Sonja
 21806 | Lair:3   | Got a bound copper ring
 21997 | Lair:3   | Identified the ring "Ygiaret" {rPois rC+ MP+9} (You found
                  | it on level 3 of the Lair of Beasts)
 22312 | Lair:4   | Reached skill level 10 in Fighting
 22565 | Lair:4   | Noticed Nessos
 22576 | Lair:4   | Killed Nessos
 22712 | Lair:4   | Reached skill level 5 in Armour
 23887 | Lair:5   | Reached ****** piety under Makhleb
 24360 | Lair:5   | Found a staircase to the Slime Pits.
 24550 | Lair:5   | Reached skill level 1 in Charms
 25254 | Lair:6   | Entered Level 6 of the Lair of Beasts
 25269 | Lair:6   | Reached XP level 14. HP: 75/110 MP: 22/22
 25323 | Lair:6   | Noticed Josephine
 25528 | Lair:6   | Found a blossoming altar of Fedhas.
 26616 | Lair:6   | Reached skill level 1 in Evocations
 26897 | Lair:5   | Reached skill level 5 in Charms
 27443 | Lair:6   | Found a shimmering altar of Xom.
 27888 | Lair:6   | Killed Josephine
 28323 | Lair:6   | Found a runed translucent door.
 28439 | Lair:6   | Paralysed by a hornet for 1 turns
 29206 | Lair:6   | Reached skill level 5 in Evocations
 29622 | D:11     | Reached skill level 15 in Long Blades
 30438 | D:12     | Found Azoe's Book Shoppe.
 30517 | D:12     | Bought a book of Battle for 560 gold pieces
 30517 | D:12     | Bought a book of Party Tricks for 700 gold pieces
 30519 | D:12     | Learned a level 1 spell: Apportation
 30521 | D:12     | Learned a level 1 spell: Summon Butterflies
 30564 | D:12     | Found a hazy altar of Hepliaklqana.
 30784 | D:12     | Reached XP level 15. HP: 115/115 MP: 23/23
 32057 | D:13     | Learned a level 3 spell: Regeneration
 32120 | D:13     | Reached skill level 13 in Crossbows
 32366 | D:13     | Found a portal to a secret trove of treasure.
 32388 | D:13     | Reached skill level 1 in Necromancy
 33653 | D:14     | Got a flickering wooden ring
 34223 | D:14     | Found a gate to the Vaults.
 34235 | D:14     | Reached skill level 14 in Crossbows
 34843 | D:15     | Entered Level 15 of the Dungeon
 35003 | Orc:1    | Entered Level 1 of the Orcish Mines
 35161 | Orc:1    | Noticed an orc warlord
 35226 | Orc:1    | Killed an orc warlord
 35800 | Orc:2    | Entered Level 2 of the Orcish Mines
 36317 | Orc:2    | Reached XP level 16. HP: 122/122 MP: 23/24
 37137 | Orc:2    | Reached skill level 15 in Crossbows
 37190 | Orc:2    | Found a radiant altar of Vehumet.
 37349 | Orc:2    | Found a staircase to the Elven Halls.
 37390 | Orc:2    | Found Nigi Vau's Magic Scroll Shoppe.
 37392 | Orc:2    | Found Zeriam's Antique Armour Boutique.
 37417 | Orc:2    | Found Ceen Keo's Distillery.
 37418 | Orc:2    | Found Noprepeu's Jewellery Boutique.
 37438 | Orc:2    | Bought a scroll of identify for 24 gold pieces
 37438 | Orc:2    | Bought a scroll of identify for 24 gold pieces
 37438 | Orc:2    | Bought a scroll of identify for 24 gold pieces
 37438 | Orc:2    | Identified the ring "Jur Kuoz" {rF+ Dex+7} (You found it on
                  | level 14 of the Dungeon)
 37613 | Orc:2    | Found a roughly hewn altar of Beogh.
 37773 | Orc:2    | Bought an uncursed ring of resist corrosion for 240 gold
                  | pieces
 37778 | Orc:2    | Bought a potion of haste for 130 gold pieces
 37784 | Orc:2    | Bought a scroll of enchant weapon for 90 gold pieces
 37784 | Orc:2    | Bought a scroll of blinking for 90 gold pieces
 37790 | Orc:2    | Bought a glowing scarf for 160 gold pieces
 37800 | Orc:2    | Bought an embroidered scarf for 160 gold pieces
 37820 | Orc:2    | Bought a cloak for 90 gold pieces
 38117 | D:7      | Killed asterix666's ghost
 38245 | D:5      | Killed wont's ghost
 38465 | D:15     | Noticed Roxanne
 39429 | D:15     | Reached skill level 16 in Crossbows
 39474 | D:15     | Found Cheibriados's Comfort Zone.
 39476 | D:15     | Found a snail-covered altar of Cheibriados.
 39492 | D:15     | Got a sparkling steel ring
 39493 | D:15     | Identified the ring of the Yeti {+Blink rF+ Int+3 Stlth+}
                  | (You found it on level 15 of the Dungeon)
 39592 | D:15     | Found a staircase to the Depths.
 40015 | Swamp:1  | Entered Level 1 of the Swamp
 41085 | Swamp:2  | Reached XP level 17. HP: 133/133 MP: 25/25
 41609 | Swamp:2  | Reached skill level 17 in Crossbows
 42007 | Swamp:3  | Found a runed translucent door.
 43226 | Snake:1  | Entered Level 1 of the Snake Pit
 43672 | Snake:1  | Noticed Frances
 43679 | Snake:1  | Killed Frances
 43679 | Snake:1  | Reached skill level 1 in Earth Magic
 44873 | Snake:2  | Reached skill level 18 in Crossbows
 44984 | Snake:2  | Found a shadowy altar of Dithmenos.
 46287 | Snake:3  | Reached skill level 5 in Earth Magic
 46706 | Snake:3  | Reached XP level 18. HP: 130/143 MP: 26/26
 46934 | Snake:3  | Found the +3 robe of Clouds {+Thunder rCloud rElec}
 47505 | Snake:3  | Noticed Azrael
 47509 | Snake:3  | Killed Azrael
 47621 | Snake:3  | Noticed Vashnia
 47959 | Swamp:4  | Entered Level 4 of the Swamp
 47959 | Swamp:4  | Noticed Nikola
 48133 | Swamp:4  | Killed Nikola
 49289 | Swamp:4  | Noticed the 27-headed Lernaean hydra
 49301 | Swamp:4  | Killed the 27-headed Lernaean hydra
 49313 | Swamp:4  | Reached skill level 10 in Dodging
 49545 | Swamp:4  | Got a decaying rune of Zot
 49870 | Vaults:1 | Entered Level 1 of the Vaults
 50113 | Vaults:1 | Identified a scroll of acquirement
 50933 | Vaults:1 | Reached XP level 19. HP: 112/152 MP: 19/29
 51492 | Vaults:1 | Identified the +1 robe of Spite {rPois MR+ Int-2}
 51523 | Vaults:1 | Reached skill level 1 in Summonings
 51598 | Vaults:1 | Identified the +1 hat of Amowoow {rN++ Dex+3 Stlth-} (You
                  | found it on level 1 of the Vaults)
 51607 | Vaults:1 | Found a radiant altar of Vehumet.
 51607 | Vaults:1 | Noticed a lich
 51619 | Vaults:1 | Killed a lich
 51672 | Vaults:1 | Got an encrusted hat
 51673 | Vaults:1 | Identified the +1 hat of the Enchanted Forest {rPois} (You
                  | found it on level 1 of the Vaults)
 51678 | Vaults:1 | Got a jewelled hat
 51679 | Vaults:1 | Identified the +1 hat of the Bouncing Wonders {rF- Int+2
                  | Dex+2 Stlth+} (You found it on level 1 of the Vaults)
 51753 | Vaults:1 | Got a twisted hat
 51951 | Vaults:2 | You fall through a shaft!
 52746 | Vaults:2 | Reached skill level 10 in Armour
 52799 | Vaults:2 | Identified the +0 hat of Sin {rElec Dex+4} (You found it on
                  | level 1 of the Vaults)
 52890 | Vaults:2 | Reached skill level 5 in Summonings
 53086 | Vaults:2 | Reached skill level 1 in Air Magic
 53560 | Vaults:2 | Noticed Margery
 53575 | Vaults:2 | Killed Margery
 53783 | Vaults:2 | Reached skill level 5 in Invocations
 55113 | Orc:2    | Bought a scroll of enchant armour for 90 gold pieces
 55113 | Orc:2    | Bought a scroll of enchant armour for 90 gold pieces
 55115 | Orc:2    | Bought a scroll of brand weapon for 240 gold pieces
 56320 | Vaults:3 | Reached XP level 20. HP: 159/159 MP: 30/30
 56768 | Vaults:3 | Noticed a bone dragon
 56804 | Vaults:3 | Killed a bone dragon
 56921 | Vaults:3 | Found a staircase to the Crypt.
 58147 | Vaults:3 | Identified the cursed +3 hand axe "Kamuiqoz" {venom, Int+5}
 59613 | Vaults:4 | Reached skill level 10 in Invocations
 60039 | Vaults:4 | Reached XP level 21. HP: 165/165 MP: 19/31
 60535 | Vaults:4 | Reached skill level 15 in Armour
 61784 | Vaults:4 | Found a runed translucent gate.
 61784 | Vaults:4 | Found a runed translucent gate.
 61784 | Vaults:4 | Found a runed translucent gate.
 61793 | Vaults:4 | Noticed Anosyof's ghost (adept CeHu)
 62408 | Vaults:4 | Found Xecwigeu's Antique Armour Shoppe.
 63192 | Snake:3  | Killed Vashnia
 63866 | Snake:4  | Entered Level 4 of the Snake Pit
 63874 | Snake:4  | Noticed Saint Roka
 63897 | Snake:4  | Killed Saint Roka
 64408 | Snake:4  | Noticed Asterion
 64433 | Snake:4  | Killed Asterion
 64454 | Snake:4  | Identified the ring of Nulas {MP+9 Int+3} (You found it on
                  | level 4 of the Snake Pit)
 65919 | Snake:4  | Got a serpentine rune of Zot
 66565 | D:13     | You paid a toll of 17 scrolls of teleportation to enter a
                  | treasure trove
 66566 | Trove    | Entered a treasure trove
 66575 | Trove    | Got a translucent granite ring
 66579 | Trove    | Got a coiled bone ring
 66583 | Trove    | Got a translucent amber ring
 66587 | Trove    | Got a flickering bronze ring
 66593 | Trove    | Got a sparkling golden ring
 66599 | Trove    | Got a shimmering bronze ring
 66603 | Trove    | Got a scintillating golden ring
 66637 | D:13     | Identified the ring "Okkupami" {Ice Str+2 Stlth+} (You
                  | found it in a treasure trove)
 66639 | D:13     | Identified the ring "Opeh" {*Tele rN+ Stlth+} (You found it
                  | in a treasure trove)
 66641 | D:13     | Identified the ring "Zaunuywk" {rElec MR+ MP+9 Str+2} (You
                  | found it in a treasure trove)
 66643 | D:13     | Identified the ring "Zoevvops" {Ice rPois Str+5} (You found
                  | it in a treasure trove)
 66645 | D:13     | Identified the ring of Ethieheo {*Drain +Fly rElec rF+
                  | Stlth+} (You found it in a treasure trove)
 66647 | D:13     | Identified the ring of Zeumaizu {+Inv rF+ MR- Str+4} (You
                  | found it in a treasure trove)
 66649 | D:13     | Identified the ring of the Cricket {Ice rElec} (You found
                  | it in a treasure trove)
 67114 | D:12     | Bought a book of Summonings for 980 gold pieces
 67118 | D:12     | Learned a level 3 spell: Tukima's Dance
 67127 | D:12     | Learned a level 5 spell: Summon Mana Viper
 67227 | Depths:1 | Entered Level 1 of the Depths
 67241 | Depths:1 | Reached skill level 15 in Fighting
 67242 | Depths:1 | Found a gateway to Hell.
 67318 | Depths:1 | Reached XP level 22. HP: 175/175 MP: 30/32
 68191 | Depths:1 | Found a one-way gate leading to the halls of Pandemonium.
 68726 | Depths:1 | Found a glowing golden altar of the Shining One.
 69304 | Depths:2 | Found Mauginut's Antique Weapon Shoppe.
 71236 | Depths:2 | Got a blackened triple crossbow
 71237 | Depths:2 | Identified the +6 triple crossbow "Jellybane" {elec, rElec}
                  | (You acquired it on level 2 of the Depths)
 72165 | Depths:2 | Found Amasuaqogra's Gadget Boutique.
 72166 | Depths:2 | Found Wawnioty's Jewellery Emporium.
 72167 | Depths:2 | Found Qiwnyuho's Gadget Boutique.
 72478 | Depths:2 | Got a steaming bone ring
 72480 | Depths:2 | Identified the ring "Potrirot" {*Slow rPois rN+ Int+3
                  | Dex+5} (You found it on level 2 of the Depths)
 72561 | Depths:2 | Reached XP level 23. HP: 144/184 MP: 34/34
 73012 | Depths:3 | Noticed a caustic shrike
 73012 | Depths:3 | Noticed a caustic shrike
 73012 | Depths:3 | Noticed a caustic shrike
 73013 | Depths:3 | Noticed a caustic shrike
 73023 | Depths:3 | Killed a caustic shrike
 73023 | Depths:3 | Reached skill level 15 in Invocations
 73025 | Depths:3 | Killed a caustic shrike
 73028 | Depths:3 | Killed a caustic shrike
 73034 | Depths:3 | Killed a caustic shrike
 73321 | Depths:3 | Reached skill level 10 in Hexes
 73639 | Depths:3 | Found a one-way gate to the infinite horrors of the Abyss.
 74359 | Depths:4 | Found a gateway to a ziggurat.
 75188 | Depths:4 | Noticed Frederick
 75198 | Depths:4 | Killed Frederick
 75421 | Depths:4 | Reached skill level 10 in Summonings
 75850 | Depths:4 | Reached XP level 24. HP: 191/191 MP: 36/36
 75926 | Depths:4 | Learned a level 5 spell: Aura of Abjuration
 76407 | Depths:4 | Reached skill level 10 in Spellcasting
 76882 | Depths:4 | Reached skill level 10 in Evocations
 76968 | Depths:4 | Noticed a juggernaut
 76977 | Depths:4 | Killed a juggernaut
 77208 | Depths:5 | Entered Level 5 of the Depths
 77314 | Depths:5 | Found a flickering gateway to a bazaar.
 77336 | Bazaar   | Entered a bazaar
 77336 | Bazaar   | Found Geiruvug's Distillery.
 77345 | Bazaar   | Found Quixkeol's Jewellery Boutique.
 77345 | Bazaar   | Found Boif's Book Boutique.
 77354 | Bazaar   | Found Owoireb's Magic Scroll Shoppe.
 77411 | Bazaar   | Bought a book of Beasts for 660 gold pieces
 77411 | Bazaar   | Bought a book of Spatial Translocations for 780 gold pieces
 77414 | Bazaar   | Learned a level 2 spell: Blink
 77419 | Bazaar   | Learned a level 4 spell: Passage of Golubria
 77438 | Bazaar   | Bought a potion of resistance for 70 gold pieces
 77438 | Bazaar   | Bought a potion of resistance for 70 gold pieces
 77456 | Bazaar   | Bought a scroll of enchant armour for 127 gold pieces
 77456 | Bazaar   | Bought a scroll of enchant weapon for 127 gold pieces
 77457 | Bazaar   | Bought 2 scrolls of identify for 68 gold pieces
 77457 | Bazaar   | Bought a scroll of teleportation for 51 gold pieces
 77457 | Bazaar   | Bought a scroll of identify for 34 gold pieces
 77578 | Depths:5 | Found a snail-covered altar of Cheibriados.
 77925 | Depths:5 | Found a gate to the Realm of Zot.
 78161 | Depths:5 | Reached skill level 5 in Translocations
 79643 | Depths:2 | Bought a lamp of fire for 560 gold pieces
 79945 | Slime:1  | Entered Level 1 of the Pits of Slime
 81724 | Slime:3  | Reached XP level 25. HP: 196/197 MP: 34/37
 81916 | Slime:3  | You fall through a shaft!
 82558 | Slime:5  | Entered Level 5 of the Pits of Slime
 82704 | Slime:5  | Gained mutation: You are clumsy. (Dex -2) [a shining eye]
 82706 | Slime:5  | Gained mutation: Armour fits poorly on your strangely
                  | shaped body. [a shining eye]
 82708 | Slime:5  | Gained mutation: You are very clumsy. (Dex -4) [a shining
                  | eye]
 83384 | Slime:4  | Gained mutation: Your movements are slightly less
                  | encumbered by armour. (ER -2) [a shining eye]
 83600 | Slime:5  | Found a viscous altar of Jiyva.
 83601 | Slime:5  | Noticed the Royal Jelly
 83603 | Slime:5  | Found the +0 Maxwell's etheric cage {RegenMP+ *Contam rElec
                  | MP+4}
 83619 | Slime:5  | Killed the Royal Jelly
 83944 | Slime:5  | Got a coiled turquoise ring
 83973 | Slime:5  | Got a vibrating golden ring
 83975 | Slime:5  | Got a slimy rune of Zot
 83990 | Slime:5  | Identified the ring "Imat" {Str+4 SInv} (You found it on
                  | level 5 of the Pits of Slime)
 83996 | Slime:5  | Identified the ring of Zoptubb {Fire Int+2 Dex+2} (You
                  | found it on level 5 of the Pits of Slime)
 84125 | Slime:5  | Identified the +1 scale mail of Submission {Int+4} (You
                  | found it on level 5 of the Pits of Slime)
 84211 | Slime:5  | Upgraded the game from 0.23.0-3-gf3c87f2df8 to
                  | 0.23.0-28-g6fe0f4dc8b
 84582 | Depths:2 | Bought an uncursed amulet of regeneration for 510 gold
                  | pieces
 84857 | Elf:1    | Entered Level 1 of the Elven Halls
 84977 | Elf:1    | Reached skill level 15 in Evocations
 85082 | Elf:1    | Noticed Agnes
 85087 | Elf:1    | Killed Agnes
 86199 | Elf:2    | Learned a level 4 spell: Summon Ice Beast
 86325 | Elf:2    | Reached skill level 1 in Ice Magic
 86327 | Elf:2    | Found a runed translucent gate.
 86327 | Elf:2    | Found a runed translucent gate.
 86329 | Elf:2    | Found a runed translucent gate.
 86932 | Elf:3    | Entered Level 3 of the Elven Halls
 86962 | Elf:3    | Reached XP level 26. HP: 207/207 MP: 34/38
 87634 | Elf:3    | Noticed Aizul
 87653 | Elf:3    | Killed Aizul
 88017 | Elf:3    | Identified the ring of the Final Decision {+Fly rC+ Int+6}
 88095 | Elf:3    | Identified the ring "Sayx" {Wiz rF+}
 88449 | Elf:3    | Identified Sif Muna's Handbook of Noxious Illusion
 88515 | Elf:3    | Identified the Volume of Vitriolic Earth
 88612 | Elf:3    | Identified the Tome of Cold
 88617 | Elf:3    | Identified the Almanac of Dark Transmigration
 88808 | Elf:3    | Identified the cursed +0 scale mail of Objectivity {Str+2}
                  | (You found it on level 3 of the Elven Halls)
 89311 | Zot:1    | Entered Level 1 of the Realm of Zot
 89713 | Zot:1    | You fall through a shaft!
 90122 | Zot:1    | You fall through a shaft!
 91685 | Zot:2    | Learned a level 1 spell: Confusing Touch
 92758 | Zot:3    | Reached XP level 27. HP: 168/217 MP: 39/39
 93292 | Zot:3    | You fall through a shaft!
 93967 | Zot:3    | Upgraded the game from 0.23.0-28-g6fe0f4dc8b to
                  | 0.23.0-33-g5e6c059fef
 94309 | Zot:4    | Noticed an orb of fire
 94577 | Zot:4    | Learned a level 6 spell: Shadow Creatures
 95341 | Zot:5    | Entered Level 5 of the Realm of Zot
 95795 | Vaults:5 | Entered Level 5 of the Vaults
 95808 | Vaults:5 | Identified the ring "Neytwypa" {rElec rPois MR+ Int-4
                  | Stlth+}
 95990 | Vaults:5 | Got a glittering amber ring
 95991 | Vaults:5 | Identified the ring of Ikhlux {+Blink +Inv MP-9 Dex+8
                  | Stlth-} (You found it on level 5 of the Vaults)
 96005 | Vaults:5 | Got a heavily runed tin ring
 96006 | Vaults:5 | Identified the ring "Omusemeg" {rCorr Str+2 Slay+3} (You
                  | found it on level 5 of the Vaults)
 96048 | Vaults:5 | Identified the Collected Works on Enthralling Necromancy
 96506 | Vaults:5 | Reached skill level 15 in Dodging
 97518 | Vaults:5 | Reached skill level 15 in Spellcasting
 97778 | Vaults:5 | Found Ezuru's Food Shop.
 98077 | Vaults:5 | Got a silver rune of Zot
 99839 | Orc:2    | Bought a crude scale mail for 180 gold pieces
 99839 | Orc:2    | Identified the cursed +1 scale mail "Goprer" {-Tele rPois
                  | MR+++} (You bought it in a shop on level 2 of the Orcish
                  | Mines)
 99841 | Orc:2    | Upgraded the game from 0.23.0-33-g5e6c059fef to
                  | 0.23.0-41-g86b089e62c
101417 | D:15     | Learned a level 2 spell: Passwall
102058 | Depths:1 | Fell from the grace of Makhleb
102058 | Depths:1 | Became a worshipper of the Shining One
102131 | Depths:3 | Voluntarily entered the Abyss.
102344 | Abyss:1  | Reached * piety under the Shining One
102521 | Abyss:1  | Reached ** piety under the Shining One
102727 | Depths:3 | Escaped the Abyss
102852 | Depths:3 | Gained mutation: You occasionally shout uncontrollably at
                  | your foes. [a cacodemon]
103004 | Depths:3 | Voluntarily entered the Abyss.
103076 | Abyss:1  | Reached *** piety under the Shining One
103182 | Abyss:1  | Reached skill level 19 in Crossbows
103217 | Abyss:1  | Paralysed by accursed screaming for 1 turns
103325 | Abyss:1  | Found a hide-covered altar of Uskayaw.
103348 | Abyss:1  | Reached **** piety under the Shining One
103427 | Abyss:1  | Reached ***** piety under the Shining One
103518 | Abyss:1  | Found a hide-covered altar of Uskayaw.
103624 | Depths:3 | Escaped the Abyss
103662 | Depths:3 | Voluntarily entered the Abyss.
103673 | Abyss:1  | Reached ****** piety under the Shining One
103779 | Abyss:1  | Identified a +9 triple crossbow of holy wrath (a +7 triple
                  | crossbow of velocity blessed by the Shining One)
103779 | Abyss:1  | Received a gift from the Shining One
103903 | Abyss:1  | Reached skill level 20 in Crossbows
104218 | Abyss:2  | Noticed an ancient lich
104230 | Abyss:2  | Killed an ancient lich
104643 | Abyss:3  | Paralysed by accursed screaming for 2 turns
104658 | Abyss:3  | Paralysed by accursed screaming for 1 turns
104790 | Abyss:3  | Reached skill level 21 in Crossbows
104934 | Abyss:3  | Paralysed by accursed screaming for 1 turns
105533 | Abyss:3  | Reached skill level 22 in Crossbows
105589 | Abyss:3  | Paralysed by accursed screaming for 1 turns
105591 | Abyss:3  | Gained mutation: You are frail. (-10% HP) [a neqoxec]
105592 | Abyss:3  | Gained mutation: Scrolls take you a little longer to read.
                  | [a neqoxec]
105619 | Abyss:3  | Lost mutation: Scrolls take you a little longer to read.
                  | [potion of mutation]
105619 | Abyss:3  | Lost mutation: You are very clumsy. (Dex -4) [potion of
                  | mutation]
105619 | Abyss:3  | Lost mutation: You occasionally shout uncontrollably at
                  | your foes. [potion of mutation]
105619 | Abyss:3  | Gained mutation: Your flesh is heat resistant. (rF+)
                  | [potion of mutation]
105619 | Abyss:3  | Gained mutation: Your flesh is very heat resistant. (rF++)
                  | [potion of mutation]
105906 | Abyss:3  | Gained mutation: You are weak. (Str -2) [a neqoxec]
105916 | Abyss:3  | Gained mutation: You are very frail. (-20% HP) [a neqoxec]
105969 | Abyss:3  | Lost mutation: You are weak. (Str -2) [potion of mutation]
105969 | Abyss:3  | Lost mutation: You are very frail. (-20% HP) [potion of
                  | mutation]
105969 | Abyss:3  | Lost mutation: Your movements are slightly less encumbered
                  | by armour. (ER -2) [potion of mutation]
105969 | Abyss:3  | Lost mutation: You are frail. (-10% HP) [potion of
                  | mutation]
105969 | Abyss:3  | Gained mutation: You have a pair of small horns on your
                  | head. [potion of mutation]
105969 | Abyss:3  | Gained mutation: You are robust. (+10% HP) [potion of
                  | mutation]
105969 | Abyss:3  | Gained mutation: You passively map a small area around you.
                  | [potion of mutation]
106231 | Abyss:3  | Found a deep blue altar of Sif Muna.
106238 | Abyss:3  | Reached skill level 23 in Crossbows
106292 | Abyss:3  | Got an ancient copper amulet
106324 | Abyss:3  | Paralysed by accursed screaming for 1 turns
106562 | Abyss:3  | Found a corrupted altar of Lugonu.
106627 | Abyss:3  | Got an abyssal rune of Zot
106682 | Depths:3 | Escaped the Abyss
107024 | Crypt:1  | Entered Level 1 of the Crypt
107492 | Crypt:1  | Was forgiven by Makhleb
107672 | Crypt:2  | Reached skill level 24 in Crossbows
108239 | Crypt:2  | Identified the amulet "Usaptonn" {RegenMP MR+ Stlth+} (You
                  | found it on level 3 of the Abyss)
108821 | Crypt:3  | Entered Level 3 of the Crypt
109246 | Crypt:3  | Identified Sif Muna's Reference Book on Darkness
109507 | Crypt:3  | Noticed an ancient lich
109514 | Crypt:3  | Killed an ancient lich
109515 | Crypt:3  | Found a basalt altar of Yredelemnul.
109670 | Crypt:3  | Reached skill level 25 in Crossbows
109997 | Crypt:3  | Found a staircase to the Tomb.
110695 | Hell     | Entered the Vestibule of Hell
110695 | Hell     | Noticed Geryon
110709 | Hell     | Killed Geryon
110734 | Hell     | Reached skill level 26 in Crossbows
110939 | Hell     | Found a gateway to the ashen valley of Gehenna.
110958 | Hell     | Upgraded the game from 0.23.0-41-g86b089e62c to
                  | 0.23.0-42-geed6394480
111030 | Hell     | Found a gateway to the decaying netherworld of Tartarus.
111097 | Hell     | Found a gateway to the freezing wastes of Cocytus.
111204 | Hell     | Found a gateway to the Iron City of Dis.
111373 | Geh:1    | Entered Level 1 of Gehenna
112555 | Geh:7    | Entered Level 7 of Gehenna
113478 | Geh:7    | Identified the +7 sceptre of Asmodeus
113478 | Geh:7    | Noticed Asmodeus
113492 | Geh:7    | Killed Asmodeus
113514 | Geh:7    | Got an obsidian rune of Zot
113747 | Hell     | Upgraded the game from 0.23.0-42-geed6394480 to 0.23.1
113819 | Dis:1    | Entered Level 1 of the Iron City of Dis
114687 | Dis:7    | Entered Level 7 of the Iron City of Dis
115976 | Dis:2    | You fall through a shaft!
116877 | Dis:7    | Learned a level 6 spell: Darkness
117053 | Dis:7    | Identified the ring "Radgh" {rElec rN+ Str+3 Dex-4 Stlth+}
                  | (You found it on level 7 of the Iron City of Dis)
117057 | Dis:7    | Identified the ring "Faetysch" {rElec rPois Str-5 Dex+3
                  | Stlth+} (You found it on level 7 of the Iron City of Dis)
117120 | Dis:7    | Identified the +4 staff of Dispater
117120 | Dis:7    | Noticed Dispater
117227 | Dis:7    | Killed Dispater
117299 | Dis:7    | Got an iron rune of Zot
117395 | Dis:7    | Reached skill level 15 in Hexes
117583 | Tar:1    | Entered Level 1 of Tartarus
118236 | Tar:4    | Lost mutation: You are robust. (+10% HP) [mutagenic glow]
118278 | Tar:4    | Gained mutation: You are frail. (-10% HP) [mutagenic glow]
118280 | Tar:4    | Lost mutation: You are clumsy. (Dex -2) [potion of
                  | mutation]
118280 | Tar:4    | Lost mutation: Armour fits poorly on your strangely shaped
                  | body. [potion of mutation]
118280 | Tar:4    | Gained mutation: You are occasionally teleported next to
                  | monsters. [potion of mutation]
118280 | Tar:4    | Gained mutation: You are partially covered in large bone
                  | plates. (SH +4) [potion of mutation]
118281 | Tar:4    | Lost mutation: Your flesh is very heat resistant. (rF++)
                  | [potion of mutation]
118281 | Tar:4    | Lost mutation: You are partially covered in large bone
                  | plates. (SH +4) [potion of mutation]
118281 | Tar:4    | Lost mutation: You are frail. (-10% HP) [potion of
                  | mutation]
118281 | Tar:4    | Gained mutation: Your system is resistant to poisons.
                  | (rPois) [potion of mutation]
118282 | Tar:4    | Lost mutation: You have a pair of small horns on your head.
                  | [potion of mutation]
118282 | Tar:4    | Lost mutation: You are occasionally teleported next to
                  | monsters. [potion of mutation]
118282 | Tar:4    | Lost mutation: Your system is resistant to poisons. (rPois)
                  | [potion of mutation]
118282 | Tar:4    | Lost mutation: Your flesh is heat resistant. (rF+) [potion
                  | of mutation]
118282 | Tar:4    | Gained mutation: Your muscles are strong. (Str +2) [potion
                  | of mutation]
118282 | Tar:4    | Gained mutation: You have a pair of small horns on your
                  | head. [potion of mutation]
118282 | Tar:4    | Gained mutation: Your flesh is heat resistant. (rF+)
                  | [potion of mutation]
118282 | Tar:4    | Gained mutation: You possess an exceptional clarity of
                  | mind. [potion of mutation]
118952 | Tar:7    | Entered Level 7 of Tartarus
119391 | Tar:7    | Got a transparent golden amulet
119392 | Tar:7    | Identified the amulet "Ucuxt" {Harm *Drain Int+8 Dex-3}
                  | (You found it on level 7 of Tartarus)
119862 | Tar:7    | Identified the ring of the Failed Coup {rCorr MR+ Str+2}
                  | (You found it on level 7 of Tartarus)
119902 | Tar:7    | Identified the Handbook of Floating Stolen Souls
119923 | Tar:7    | Identified the Reference Book on Spatial Combat Magic
119939 | Tar:7    | Identified the Handbook of Translocation and Glamour
120305 | Tar:7    | Reached skill level 10 in Translocations
120317 | Tar:7    | Noticed Ereshkigal
120341 | Tar:7    | Killed Ereshkigal
120438 | Tar:7    | Got a bone rune of Zot
120707 | Tar:7    | Gained mutation: You are clumsy. (Dex -2) [mutagenic glow]
120820 | Pan      | Entered Pandemonium
120906 | Pan      | Found an exit through the horrors of the Abyss.
121044 | Pan      | Noticed Meschae the pandemonium lord
121085 | Pan      | Killed Meschae the pandemonium lord
121287 | Pan      | Noticed Irres the pandemonium lord
121298 | Pan      | Killed Irres the pandemonium lord
121402 | Pan      | Got a translucent copper ring
121403 | Pan      | Identified the cursed ring "Jats" {rN+ AC-2} (You found it
                  | in Pandemonium)
121469 | Pan      | Found an exit through the horrors of the Abyss.
122183 | Pan      | Entered the realm of Lom Lobon.
122553 | Pan      | Identified the cursed +0 leather armour of Ziskil {Str+3}
                  | (You found it in Pandemonium)
122892 | Pan      | Identified the cursed +0 cloak "Woiholoq" {rCorr Dex+2}
123058 | Pan      | Noticed Lom Lobon
123070 | Pan      | Killed Lom Lobon
123070 | Pan      | Reached skill level 15 in Translocations
123165 | Pan      | Got a magical rune of Zot
123383 | Pan      | Lost mutation: Your muscles are strong. (Str +2) [a
                  | cacodemon]
123388 | Pan      | Noticed Nythremp the pandemonium lord
123388 | Pan      | Gained mutation: You are frail. (-10% HP) [a neqoxec]
123408 | Pan      | Entered the realm of Cerebov.
124035 | Pan      | Identified the amulet "Luoban" {Harm *Drain *Slow rElec
                  | rPois Int+5}
124061 | Pan      | Identified the +6 sword of Cerebov {flame}
124061 | Pan      | Noticed Cerebov
124097 | Pan      | Killed Cerebov
124139 | Pan      | Got a fiery rune of Zot
124198 | Pan      | Identified the +2 scale mail of the Republic {rC+ rN++}
                  | (You found it in Pandemonium)
124293 | Pan      | Identified the Guide on Contamination
124301 | Pan      | Identified Buaror's Compendium of Torrid Transmigration
124556 | Pan      | Learned a level 8 spell: Controlled Blink
124565 | Pan      | Found a huge runed translucent gate.
124565 | Pan      | Found a huge runed translucent gate.
124567 | Pan      | Found a huge runed translucent gate.
124568 | Pan      | Found a huge runed translucent gate.
124568 | Pan      | Found a huge runed translucent gate.
124568 | Pan      | Found a huge runed translucent gate.
124570 | Pan      | Found a huge runed translucent gate.
124683 | Pan      | Noticed Jaetoa the pandemonium lord
124698 | Pan      | Killed Jaetoa the pandemonium lord
124859 | Pan      | Entered the realm of Gloorx Vloq.
125373 | Pan      | Noticed Gloorx Vloq
125559 | Pan      | Got a dark rune of Zot
125659 | Pan      | Killed Gloorx Vloq
125913 | Pan      | HP: 10/209 [golden dragon[a torturous corrupter] (9)]
125913 | Pan      | Slain by a golden dragon

Skill      XL: |  1  2  3  4  5  6  7  8  9 10 11 12 13 14 15 16 17 18 19 20 21 22 23 24 25 26 27 |
---------------+----------------------------------------------------------------------------------+-----
Crossbows      | 3 4 5 6 7 9 10 12 14 16 18 26 | 26.0
Hexes          | 4 5 6 7 8 9 11 18 | 18.0
Translocations | 2 3 8 9 20 | 20.1
Spellcasting   | 2 3 5 7 9 10 11 12 20 | 20.5
Dodging        | 4 7 8 9 11 12 13 21 | 21.0
Fighting       | 5 6 8 10 12 13 14 15 16 17 18 22 | 22.9
Invocations    | 2 4 6 10 12 14 15 | 15.2
Long Blades    | 6 8 10 13 15 16 17 18 20 | 20.0
Armour         | 4 7 8 11 14 16 23 | 23.5
Stealth        | 2 5 7 |  7.0
Charms         | 2 6 7 8 |  8.0
Evocations     | 5 8 9 12 15 | 15.0
Necromancy     | 4 |  4.0
Earth Magic    | 5 6 |  6.0
Summonings     | 5 10 12 14 | 14.6
Air Magic      | 4 |  4.0
Ice Magic      | 3 4 |  4.0

Action                   |  1- 3 |  4- 6 |  7- 9 | 10-12 | 13-15 | 16-18 | 19-21 | 22-24 | 25-27 || total
-------------------------+-------+-------+-------+-------+-------+-------+-------+-------+-------++-------
Melee: Short sword       |     2 |    93 |   383 |   179 |       |       |       |       |       ||   657
       Dagger            |    48 |    66 |     7 |       |       |       |       |       |       ||   121
       War axe           |       |       |    26 |       |       |       |       |       |       ||    26
       Long sword        |       |       |       |   332 |       |       |       |       |       ||   332
       Great sword       |       |       |       |    23 |   795 |   816 |   480 |   887 |  2444 ||  5445
       Scimitar          |       |       |       |    18 |    27 |    54 |       |       |       ||    99
       Headbutt          |       |       |       |       |       |       |       |       |    91 ||    91
       Triple crossbow   |       |       |       |       |       |       |       |       |     1 ||     1
 Fire: Hand crossbow     |    18 |    95 |   160 |   418 |   656 |       |       |       |       ||  1347
       Blowgun           |       |    12 |    31 |       |     4 |     3 |       |       |       ||    50
       Arbalest          |       |       |       |       |   105 |   761 |  1188 |  1020 |  1105 ||  4179
       Triple crossbow   |       |       |       |       |       |       |       |     3 |  3528 ||  3531
Throw: Stone             |    34 |    26 |    42 |     8 |       |       |       |       |       ||   110
       Tomahawk          |       |       |       |       |    15 |       |       |       |       ||    15
       Javelin           |       |       |       |       |    15 |    20 |       |       |       ||    35
 Cast: Corona            |    29 |    60 |    44 |    16 |    16 |     2 |       |       |       ||   167
       Slow              |       |       |    28 |    31 |    48 |    16 |       |     1 |       ||   124
       Portal Projectile |       |       |       |     5 |    64 |    46 |    74 |    68 |   171 ||   428
       Cause Fear        |       |       |       |       |     6 |     4 |     1 |     6 |     4 ||    21
       Shroud of Golubri |       |       |       |       |    12 |    23 |    16 |    34 |    22 ||   107
       Regeneration      |       |       |       |       |    12 |    26 |    19 |    30 |    29 ||   116
       Apportation       |       |       |       |       |       |    37 |       |    94 |   367 ||   498
       Leda's Liquefacti |       |       |       |       |       |     1 |     1 |       |       ||     2
       Summon Butterflie |       |       |       |       |       |       |     5 |     7 |    25 ||    37
       Summon Mana Viper |       |       |       |       |       |       |       |    20 |    66 ||    86
       Tukima's Dance    |       |       |       |       |       |       |       |     3 |    28 ||    31
       Summon Ice Beast  |       |       |       |       |       |       |       |       |    18 ||    18
       Aura of Abjuratio |       |       |       |       |       |       |       |       |    17 ||    17
       Shadow Creatures  |       |       |       |       |       |       |       |       |    87 ||    87
       Blink             |       |       |       |       |       |       |       |       |     5 ||     5
       Controlled Blink  |       |       |       |       |       |       |       |       |     2 ||     2
       Confusing Touch   |       |       |       |       |       |       |       |       |     1 ||     1
       Swiftness         |       |       |       |       |       |       |       |       |     1 ||     1
Invok: Lesser Servant of |       |       |       |     9 |    31 |    20 |    27 |    15 |     3 ||   105
       Greater Servant o |       |       |       |       |       |       |       |     2 |     2 ||     4
       Minor Destruction |       |       |       |       |       |       |       |       |     3 ||     3
       Cleansing Flame   |       |       |       |       |       |       |       |       |    62 ||    62
       Summon Divine War |       |       |       |       |       |       |       |       |    36 ||    36
       Divine Shield     |       |       |       |       |       |       |       |       |     3 ||     3
       Brand Weapon With |       |       |       |       |       |       |       |       |     1 ||     1
 Abil: Hop               |       |     4 |     9 |    10 |    23 |    12 |    17 |    20 |    38 ||   133
Evoke: Wand              |       |       |    20 |    12 |     2 |     1 |     5 |     9 |    46 ||    95
       Lightning rod     |       |       |       |       |     1 |       |     9 |    14 |    24 ||    48
       Sack of spiders   |       |       |       |       |       |       |     5 |     5 |     3 ||    13
       Lamp of fire      |       |       |       |       |       |       |       |       |    13 ||    13
       Box of beasts     |       |       |       |       |       |       |       |       |     9 ||     9
       Fan of gales      |       |       |       |       |       |       |       |       |     4 ||     4
       Phial of floods   |       |       |       |       |       |       |       |       |     3 ||     3
  Use: Scroll            |       |    14 |     6 |    10 |    17 |    15 |    17 |     4 |    56 ||   139
       Potion            |       |       |     2 |    10 |    10 |     4 |     6 |       |    31 ||    63
 Stab: Sleeping          |       |       |     1 |     2 |     3 |     6 |       |       |     3 ||    15
       Distracted        |       |       |       |     2 |     1 |     1 |       |     3 |     6 ||    13
       Confused          |       |       |       |     2 |       |       |       |       |       ||     2
  Eat: Chunk             |     3 |    14 |    19 |    16 |    43 |    16 |    21 |    19 |    28 ||   179
       Ration            |       |       |     2 |     5 |    10 |     9 |    11 |    11 |    53 ||   101
Armor: Robe              |     9 |    25 |       |       |       |       |       |       |       ||    34
       Leather armour    |       |    31 |   141 |    11 |       |       |       |       |       ||   183
       Ring mail         |       |       |       |   245 |   383 |   409 |    80 |       |       ||  1117
       Fire dragon scale |       |       |       |       |       |       |   374 |   754 |  2959 ||  4087
Dodge: Dodged            |    27 |   131 |   307 |   362 |   621 |   729 |   747 |   894 |  4725 ||  8543
Block: Other             |       |       |       |       |    70 |       |       |       |    62 ||   132
       Rpst.: Long sword |       |       |       |    64 |       |       |       |       |       ||    64
       Scimitar          |       |       |       |     4 |     1 |     7 |       |       |       ||    12
       Great sword       |       |       |       |     1 |   136 |   114 |    76 |   133 |   403 ||   863
